[Event "Elegant Academy GM Aspirant-II"]
[Site "Dhaka"]
[Date "2024.02.21"]
[Round "1.1"]
[White "Liyanage, Ranindu Dilshan"]
[Black "Aradhya, Garg"]
[Result "1/2-1/2"]
[ECO "D14"]
[WhiteElo "2366"]
[BlackElo "2390"]
[Annotator "TA"]
[PlyCount "80"]
[EventDate "2024.02.21"]
[EventType "tourn"]
[EventCountry "BAN"]
[SourceTitle "playchess.com"]
[Source "ChessBase"]
[SourceQuality "1"]
[TimeControl "5400+30"]

1. d4 d5 2. c4 c6 3. cxd5 cxd5 4. Nc3 Nf6 5. Bf4 Nc6 6. e3 Bf5 7. Qb3 Qb6 8. Qxb6 axb6 9. Bb5 e6 10. Nf3 Bb4 11. Ne5 O-O 12. Nxc6 (12. Bxc6 $14 Bxc3+ 13. bxc3 bxc6 14. Nxc6) 12... bxc6 $15 13. Bxc6 {[%emt 0:00:05] Black has an edge.} Ra5 {[%emt 0:05:34] [#] Strongly threatening ...Rc8.} 14. a4 Rc8 15. Bb5 Ne4 16. O-O {[%emt 0:01:49] Nxe4 is the strong threat.} Bxc3 17. bxc3 Nxc3 18. Rfc1 Rxb5 $1 19. Rxc3 (19. axb5 $2 {perishes.} Ne2+ 20. Kh1 Rxc1+ $19 (20... Nxc1 $2 21. h4 $19)) 19... Rxc3 20. axb5 {[%emt 0:00:06][%mdl 4096] [#] Endgame. White threatens Ra8+ and mate. KRB-KRB} h5 $1 21. h4 {[%emt 0:00:09] aiming for Ra6.} Rb3 22. Ra8+ Kh7 23. Ra7 Kg6 ({Much weaker is} 23... Rxb5 $6 24. Rxf7 Kg8 (24... Rb1+ 25. Kh2 $11) 25. Rb7 $14) 24. Rb7 Rxb5 25. Kh2 Rb2 26. Kg3 b5 27. Bd6 Bd3 28. Bc5 Rb1 29. Bd6 Be4 30. Bc5 Rg1 31. f3 Bd3 32. Bd6 Re1 33. Kf4 Rf1 34. Kg3 {[%emt 0:00:45] Against Rf2} Rc1 35. Kf4 Rg1 36. Kg3 Bc4 37. Bc5 Kf6 (37... Rb1 $17 {And now ...Rb2 would win.} 38. Kf4 Rg1) 38. Be7+ $11 Kf5 39. Bd6 Kg6 (39... Kf6 $11) 40. Bc5 $1 $17 Bd3 {[%emt 0:01:47] Weighted Error Value: White=0.07 (flawless) /Black=0.08 (flawless) .  Mistake:       	White=1     	Black=3      Inaccurate:     	White=1     	---        OK:         	White=10    	Black=11     Best:        	White=6     	Black=1      Strong:       	White=1     	Black=2} (40... Re1 $17 41. Kf4 Rg1 42. Kg3) 1/2-1/2

[Event "Elegant Academy GM Aspirant-II"]
[Site "Dhaka"]
[Date "2024.02.21"]
[Round "1.2"]
[White "Murshed, Niaz"]
[Black "Rahman, Ziaur"]
[Result "1/2-1/2"]
[ECO "B22"]
[WhiteElo "2363"]
[BlackElo "2428"]
[Annotator "RC"]
[PlyCount "73"]
[EventDate "2024.02.21"]
[EventType "tourn"]
[EventCountry "BAN"]
[SourceTitle "playchess.com"]
[Source "ChessBase"]
[SourceQuality "1"]
[TimeControl "5400+30"]

1. e4 c5 2. c3 e5 3. Nf3 Nc6 4. Bc4 Nf6 5. d3 Be7 6. O-O O-O 7. Re1 d6 8. a3 a6 9. Nbd2 h6 10. Nf1 Re8 11. Ne3 Bf8 12. b4 Be6 13. Nd5 cxb4 14. axb4 Bxd5 15. Bxd5 Nxd5 16. exd5 Ne7 17. Qb3 Ng6 18. c4 Qf6 19. Be3 Nf4 20. c5 Rec8 21. Rac1 a5 22. bxa5 dxc5 23. Bxf4 exf4 24. Ra1 Re8 25. Qxb7 Rxe1+ 26. Rxe1 Rxa5 27. h3 Bd6 28. Qd7 Kh7 29. Nd2 Qg6 30. Ne4 Be5 31. Qg4 f5 32. Qxg6+ Kxg6 33. Nd2 Bf6 34. Nf3 Ra3 35. Re6 Kf7 36. Ne5+ Bxe5 37. Rxe5 1/2-1/2

[Event "Elegant Academy GM Aspirant-II"]
[Site "Dhaka"]
[Date "2024.02.21"]
[Round "1.3"]
[White "Siddharth, Jagadeesh"]
[Black "Mohammad Fahad, Rahman"]
[Result "1-0"]
[ECO "D05"]
[WhiteElo "2457"]
[BlackElo "2418"]
[Annotator "RC"]
[PlyCount "53"]
[EventDate "2024.02.21"]
[EventType "tourn"]
[EventCountry "BAN"]
[SourceTitle "playchess.com"]
[Source "ChessBase"]
[SourceQuality "1"]
[TimeControl "5400+30"]

1. d4 d5 2. Nf3 Nf6 3. e3 e6 4. Bd3 c5 5. b3 cxd4 6. exd4 Bd6 7. O-O O-O 8. c4 b6 9. Nc3 dxc4 10. bxc4 Bb7 11. Bg5 Be7 12. Re1 Nc6 13. Rc1 Rc8 14. Bb1 Re8 15. d5 exd5 16. Bf5 Ra8 17. Nxd5 Nxd5 18. cxd5 Bxg5 19. Rxe8+ Qxe8 20. Nxg5 Nb4 21. Bxh7+ Kf8 22. Qh5 Rc8 23. Rf1 Rc5 24. Bg6 Bxd5 25. Qh8+ Ke7 26. Re1+ Be6 27. Rxe6+ 1-0

[Event "Elegant Academy GM Aspirant-II"]
[Site "Dhaka"]
[Date "2024.02.21"]
[Round "1.4"]
[White "Sriram, Jha"]
[Black "Mayank Chakraborty"]
[Result "1/2-1/2"]
[ECO "A07"]
[WhiteElo "2317"]
[BlackElo "2409"]
[Annotator "TA"]
[PlyCount "68"]
[EventDate "2024.02.21"]
[EventType "tourn"]
[EventCountry "BAN"]
[SourceTitle "playchess.com"]
[Source "ChessBase"]
[SourceQuality "1"]
[TimeControl "5400+30"]

1. Nf3 d5 2. g3 c6 3. Bg2 Bg4 4. O-O e6 5. h3 Bh5 6. d4 Nf6 {[%emt 0:01:41] [#]} 7. c4 $1 Nbd7 (7... Be7 8. Qb3) 8. cxd5 exd5 9. Qb3 Bxf3 10. Bxf3 Qb6 11. Qe3+ Be7 12. Nc3 Nf8 13. Na4 Qc7 14. Nc5 b6 15. Nd3 Ne6 16. Nf4 Ng5 17. Bg2 Nge4 18. g4 (18. Bd2 $11) 18... h5 $15 19. f3 Ng3 20. Re1 O-O-O (20... hxg4 $15 21. hxg4 O-O-O) 21. Qf2 {[%emt 0:00:19] [#]} Bd6 $1 22. Qxg3 {[%emt 0:03:51] Black must now prevent e4.} g5 23. e3 $1 Rde8 24. Bd2 hxg4 (24... Reg8 25. Rac1 gxf4 26. exf4) 25. hxg4 Reg8 26. Rac1 {[%emt 0:01:25][%cal Oc1c6] Threatens to win with Rxc6!} gxf4 27. exf4 Nh5 28. Qf2 (28. Qh4 $1 $15 Nxf4 29. Qf6) 28... Nxf4 $19 29. Rxc6 Qxc6 30. Rc1 {[%emt 0:00:01] [#]} Qxc1+ 31. Bxc1 Kb8 $2 (31... Nxg2 $19 32. Qc2+ Kb8) 32. Bxf4 $1 $11 Bxf4 33. Qc2 Re8 ({Black should play} 33... Be3+ $11 34. Kf1 Rc8 (34... Bxd4 $2 {too greedy.} 35. Qd2 $18)) 34. Qf5 (34. Kf2 $14 Be3+ 35. Kg3) 34... Bg3 $1 {[%emt 0:00:53] Weighted Error Value: White=0.18 (very precise) /Black=0.26 (precise) .  Loses game:     	White=1     	---        Missed win:     	---       	Black=1      Mistake:       	White=2     	Black=2      Inaccurate:     	White=2     	---        OK:         	White=10    	Black=11     Best:        	White=2     	Black=3      Strong:       	White=2     	Black=1} 1/2-1/2

[Event "Elegant Academy GM Aspirant-II"]
[Site "Dhaka"]
[Date "2024.02.21"]
[Round "1.5"]
[White "Panesar Vedant"]
[Black "Setyaki, Azarya Jodi"]
[Result "1/2-1/2"]
[ECO "D32"]
[WhiteElo "2452"]
[BlackElo "2400"]
[Annotator "RC"]
[PlyCount "58"]
[EventDate "2024.02.21"]
[EventType "tourn"]
[EventCountry "BAN"]
[SourceTitle "playchess.com"]
[Source "ChessBase"]
[SourceQuality "1"]
[TimeControl "5400+30"]

1. d4 d5 2. Nf3 c5 3. c4 e6 4. cxd5 exd5 5. Bg5 Nf6 6. Nc3 Be6 7. e3 c4 8. Be2 Bb4 9. O-O Nbd7 10. Ne5 O-O 11. Nxd7 Qxd7 12. Bxf6 gxf6 13. Bf3 Kg7 14. a4 b6 15. g3 a6 16. Qc2 Rab8 17. Rfd1 Bf5 18. Qc1 Bxc3 19. bxc3 Bd3 20. Qa3 Qf5 21. Bg2 b5 22. Rd2 a5 23. axb5 Rxb5 24. Bf1 Be4 25. Bg2 Bd3 26. Bf1 Be4 27. Bg2 Bd3 28. Bf1 Be4 29. Bg2 Rfb8 1/2-1/2

[Event "Elegant Academy GM Aspirant-II"]
[Site "Dhaka"]
[Date "2024.02.22"]
[Round "2.1"]
[White "Aradhya, Garg"]
[Black "Setyaki, Azarya Jodi"]
[Result "1-0"]
[ECO "B07"]
[WhiteElo "2390"]
[BlackElo "2400"]
[Annotator "TA"]
[PlyCount "73"]
[EventDate "2024.02.21"]
[EventType "tourn"]
[EventCountry "BAN"]
[SourceTitle "playchess.com"]
[Source "ChessBase"]
[SourceQuality "1"]
[TimeControl "5400+30"]

1. d4 Nf6 2. Nf3 g6 3. g3 Bg7 4. Bg2 O-O 5. O-O d6 6. Nc3 Bf5 7. Nh4 Bc8 8. e4 e5 9. Nf3 exd4 10. Nxd4 Re8 11. Re1 Nbd7 12. h3 Nc5 13. Rb1 a5 14. b3 h6 15. Ba3 {[%emt 0:00:49] The position is equal.} Nh7 16. h4 {[%emt 0:04:08] Prevents Ng5.} h5 17. Qd2 Nf8 18. Nd5 Bd7 (18... c6 $11 19. Nf4 a4) 19. c4 $14 Bg4 20. Bb2 c6 21. Nc3 (21. Ne3 $14) 21... Qb6 22. Nc2 Rad8 23. Ne3 Be6 24. Na4 Nxa4 25. Bxg7 ({Don't play} 25. bxa4 Bxb2 26. Rxb2 Qc7 $11) 25... Kxg7 26. bxa4 Qa7 27. Qb2+ Kg8 28. Qxb7 Qxb7 29. Rxb7 Nd7 30. Ra7 Ne5 31. Rc1 $1 (31. Rxa5 Ra8 32. Rxa8 Rxa8 $17) 31... Nd3 ({Better is} 31... Ra8 $14 32. Rxa8 Rxa8) 32. Rc3 $16 Nc5 33. e5 Bd7 {[%emt 0:02:23] A mistake that costs the game.} (33... Ra8 $16 34. Rc7 (34. Bxc6 Rxa7 35. Bxe8 dxe5 $16) (34. Rxa8 Rxa8 35. exd6 Rd8 $16) 34... Rac8 35. exd6 Rxc7 36. dxc7 Bd7) 34. exd6 $18 ({Weaker is} 34. Rxa5 Rxe5 35. Ra7 Ree8 $14) 34... Ra8 $2 {[%emt 0:00:38] [#]} (34... Kg7 35. Rxa5 Ne4 36. Bxe4 Rxe4) 35. Rxd7 $1 {[%emt 0:01:22] White is clearly winning.} Nxd7 36. Bxc6 Ra7 37. c5 {[%emt 0:00:30] Weighted Error Value: White=0.11 (very precise) /Black=0.38.  Loses game:     	---       	Black=1      Mistake:       	White=1     	Black=3      Inaccurate:     	White=2     	Black=4      OK:         	White=9     	Black=5      Best:        	White=3     	---        Strong:       	White=1     	---        Brilliant:      	White=1     	---} 1-0

[Event "Elegant Academy GM Aspirant-II"]
[Site "Dhaka"]
[Date "2024.02.22"]
[Round "2.2"]
[White "Mayank Chakraborty"]
[Black "Panesar Vedant"]
[Result "1/2-1/2"]
[ECO "C47"]
[WhiteElo "2409"]
[BlackElo "2452"]
[Annotator "ChessBase"]
[PlyCount "45"]
[EventDate "2024.02.21"]
[EventType "tourn"]
[EventCountry "BAN"]
[SourceTitle "playchess.com"]
[Source "ChessBase"]
[SourceQuality "1"]
[TimeControl "5400+30"]

1. e4 e5 2. Nf3 Nc6 3. Nc3 Nf6 4. d4 exd4 5. Nxd4 Bb4 6. Nxc6 bxc6 7. Bd3 d5 8. exd5 O-O 9. O-O Bg4 10. f3 Bh5 11. dxc6 Qd4+ 12. Kh1 Bxc3 13. bxc3 Qxc3 14. Rb1 Bg6 15. Bb2 Qxc6 16. Bxf6 Qxf6 17. Bxg6 hxg6 18. Qd7 Qd8 19. Qd3 Qf6 20. Qd7 Qd8 21. Qd3 Qf6 22. Qd7 Qd8 23. Qd3 1/2-1/2

[Event "Elegant Academy GM Aspirant-II"]
[Site "Dhaka"]
[Date "2024.02.22"]
[Round "2.3"]
[White "Mohammad Fahad, Rahman"]
[Black "Sriram, Jha"]
[Result "1/2-1/2"]
[ECO "D94"]
[WhiteElo "2418"]
[BlackElo "2317"]
[Annotator "TA"]
[PlyCount "78"]
[EventDate "2024.02.21"]
[EventType "tourn"]
[EventCountry "BAN"]
[SourceTitle "playchess.com"]
[Source "ChessBase"]
[SourceQuality "1"]
[TimeControl "5400+30"]

1. d4 d5 2. c4 c6 3. Nc3 Nf6 4. e3 g6 5. Nf3 Bg7 6. Be2 O-O 7. O-O dxc4 8. Bxc4 Bg4 9. Be2 Nbd7 10. e4 Bxf3 11. Bxf3 e5 12. dxe5 {[%emt 0:10:52] White is slightly better.} Nxe5 13. Be2 Qe7 14. h3 ({White should play} 14. f4 $14 Rfd8 15. Qc2) 14... Ned7 $11 15. Re1 Nc5 16. Bf1 Rad8 (16... Ncxe4 $6 17. Qf3 Qb4 18. a3 $16 (18. Rxe4 Nxe4 19. Nxe4 Qe1 $16) (18. Nxe4 Qxe1 19. Nxf6+ Kh8 $16)) 17. Qc2 Ne6 18. e5 Nd5 19. Nxd5 $1 cxd5 20. Bd2 Rc8 21. Qa4 Qc7 22. Rac1 Qb6 23. Bb4 Rxc1 24. Rxc1 Ra8 25. Re1 Qd4 26. Qb3 Qb6 (26... Bxe5 27. Bc3 Qb6 28. Qxb6 (28. Rxe5 Qxb3 29. axb3 Rd8 $18) 28... axb6 29. Bxe5 $18 (29. Rxe5 d4 $18)) 27. Qc3 Bf8 28. Ba5 Qc6 (28... d4 $5 29. Qd2 Bh6 $11) 29. Qe3 {[%emt 0:00:00] [#]} (29. Qxc6 $11 bxc6 30. Rc1) 29... Qa4 $1 $17 30. Bd2 Qxa2 31. b4 Rc8 (31... b6 $142 32. Qc3 d4) 32. Bd3 ({White should try} 32. Rd1) 32... Qa3 33. Rb1 {[%emt 0:00:00] [#]} Nf4 $2 {[%emt 0:00:49] Prevents Qe2.} 34. Bf1 $11 Qa2 35. Re1 Ne6 ({Better is} 35... Bh6 $11 36. Rd1 Rc2) 36. Bd3 $17 Qa3 37. Rb1 {[%emt 0:11:30] [#]} Bh6 $1 {[%emt 0:03:10][%mdl 512] Prevents g3. Black is clearly better.} 38. Qxh6 {[%emt 0:00:30] Qe3 would now be deadly.} (38. Qe2 Bxd2) 38... Qxd3 39. Ra1 Qd4 {[%emt 0:01:00] Weighted Error Value: White=0.15 (very precise) /Black=0.17 (very precise) .  Mistake:       	White=3     	Black=3      Inaccurate:     	---       	Black=1      OK:         	White=10    	Black=14     Best:        	White=2     	---        Strong:       	White=1     	Black=1} 1/2-1/2

[Event "Elegant Academy GM Aspirant-II"]
[Site "Dhaka"]
[Date "2024.02.22"]
[Round "2.4"]
[White "Rahman, Ziaur"]
[Black "Siddharth, Jagadeesh"]
[Result "1/2-1/2"]
[ECO "E69"]
[WhiteElo "2428"]
[BlackElo "2457"]
[Annotator "ChessBase"]
[PlyCount "60"]
[EventDate "2024.02.21"]
[EventType "tourn"]
[EventCountry "BAN"]
[SourceTitle "playchess.com"]
[Source "ChessBase"]
[SourceQuality "1"]
[TimeControl "5400+30"]

1. c4 Nf6 2. g3 g6 3. Bg2 Bg7 4. Nc3 O-O 5. d4 d6 6. h3 c6 7. e4 e5 8. Nf3 exd4 9. Nxd4 Nbd7 10. O-O Nb6 11. b3 d5 12. exd5 cxd5 13. Ba3 Re8 14. Qc2 Ne4 15. Nxe4 Rxe4 16. Bxe4 dxe4 17. Rfd1 Bxh3 18. Qxe4 Qd7 19. Nb5 Qg4 20. Qxg4 Bxg4 21. Bc5 Bxa1 22. Rxa1 Nd7 23. Bxa7 Ne5 24. Be3 Rd8 25. Nc3 Bf3 26. Nd5 Bxd5 27. cxd5 Rxd5 28. Rc1 Nc6 29. Rc4 f6 30. Kg2 Rd1 1/2-1/2

[Event "Elegant Academy GM Aspirant-II"]
[Site "Dhaka"]
[Date "2024.02.22"]
[Round "2.5"]
[White "Liyanage, Ranindu Dilshan"]
[Black "Murshed, Niaz"]
[Result "1/2-1/2"]
[ECO "E15"]
[WhiteElo "2366"]
[BlackElo "2363"]
[Annotator "TA"]
[PlyCount "62"]
[EventDate "2024.02.21"]
[EventType "tourn"]
[EventCountry "BAN"]
[SourceTitle "playchess.com"]
[Source "ChessBase"]
[SourceQuality "1"]
[TimeControl "5400+30"]

1. d4 Nf6 2. c4 e6 3. Nf3 b6 4. g3 Ba6 5. Nbd2 c5 6. Bg2 Bb7 7. d5 exd5 8. Nh4 g6 9. cxd5 Bg7 10. Nc4 O-O 11. O-O Ba6 12. Qc2 d6 13. a4 Qe7 14. Ra3 Bxc4 15. Qxc4 Nbd7 16. Nf3 a6 17. Rb3 {[%emt 0:03:31] [#]} b5 $1 18. axb5 Nb6 19. Qh4 (19. Qc2 $11 {remains equal.}) 19... Qc7 (19... Qxe2 $17 20. Qf4 Nfxd5 (20... Nbxd5 21. Qxd6 Rfd8 22. Qc6 $11)) 20. Ng5 h6 {[%emt 0:01:52] ...c4 would now be deadly.} 21. Ne4 Nxe4 22. Bxe4 axb5 {[%emt 0:03:26] ...Ra4 is the strong threat.} 23. Bf3 ({Much worse is} 23. Bxh6 Ra4 24. f3 (24. Rxb5 Bxh6 25. b3 Rd4 $17) (24. Bxg7 Kxg7 25. Rxb5 f5 $17) 24... b4 $17) 23... Ra4 24. Qh3 h5 25. Rxb5 Nd7 26. Bd2 Ne5 27. Rc1 f5 (27... Rb8 $15 28. Rxb8+ Qxb8) 28. Qf1 Qd7 29. Ra5 Rxa5 {[%emt 0:00:14] The position is equal.} 30. Bxa5 Nxf3+ 31. exf3 Bxb2 {[%emt 0:00:03] Weighted Error Value: White=0.09 (flawless) /Black=0.10 (very precise) .  Mistake:       	White=1     	Black=2      Inaccurate:     	White=2     	---        OK:         	White=9     	Black=16     Best:        	---       	Black=1} 1/2-1/2

[Event "Elegant Academy GM Aspirant-II"]
[Site "Dhaka"]
[Date "2024.02.23"]
[Round "3.1"]
[White "Murshed, Niaz"]
[Black "Aradhya, Garg"]
[Result "1/2-1/2"]
[ECO "C50"]
[WhiteElo "2363"]
[BlackElo "2390"]
[Annotator "TA"]
[PlyCount "33"]
[EventDate "2024.02.21"]
[EventType "tourn"]
[EventCountry "BAN"]
[SourceTitle "playchess.com"]
[Source "ChessBase"]
[SourceQuality "1"]
[TimeControl "5400+30"]

1. e4 e5 2. Nf3 Nc6 3. Bc4 Nf6 4. d3 Bc5 5. Nc3 O-O 6. O-O d6 7. a3 Bg4 8. h3 Bxf3 9. Qxf3 Nd4 {[%emt 0:00:01][%csl LRc2,LRf3] Dodges Ne2} 10. Qd1 c6 11. Ba2 b5 12. Ne2 d5 13. Ng3 Ne6 {[%emt 0:04:27] The position is equal.} 14. Qf3 Nd4 15. Qd1 Ne6 {[%emt 0:03:18] Prevents Bg5.} 16. Qe2 Nd4 17. Qd1 {[%emt 0:00:05] A rather calm draw.   Weighted Error Value: White=0.07 (flawless) /Black=0.01 (flawless) .  Inaccurate:     	White=1     	---        OK:         	White=5     	Black=8} 1/2-1/2

[Event "Elegant Academy GM Aspirant-II"]
[Site "Dhaka"]
[Date "2024.02.23"]
[Round "3.2"]
[White "Siddharth, Jagadeesh"]
[Black "Liyanage, Ranindu Dilshan"]
[Result "1-0"]
[ECO "D02"]
[WhiteElo "2457"]
[BlackElo "2366"]
[Annotator "TA"]
[PlyCount "71"]
[EventDate "2024.02.21"]
[EventType "tourn"]
[EventCountry "BAN"]
[SourceTitle "playchess.com"]
[Source "ChessBase"]
[SourceQuality "1"]
[TimeControl "5400+30"]

1. d4 d5 2. Nf3 Nf6 3. c3 e6 4. Bg5 Bd6 5. Nbd2 Nbd7 {[%emt 0:03:03] [#]} 6. e4 $1 dxe4 7. Nxe4 h6 8. Nxd6+ {[%emt 0:05:38] White is slightly better.} cxd6 9. Bf4 Qc7 10. Qc2 b6 11. O-O-O Bb7 12. Bd3 {[%emt 0:00:17] Against Be4} O-O 13. h4 e5 14. dxe5 dxe5 15. Bg3 Rad8 ({Black should try} 15... Qc5 $15 16. b4 Qe7) 16. Bf5 Rfe8 17. Rhe1 Bxf3 18. gxf3 Qc6 (18... Nh5 $11) 19. Qd3 Qa8 20. Qe2 {[%emt 0:03:31] White is more active.} g6 21. Bc2 Qc6 {[%emt 0:01:06] Dodges Rd6} 22. Rd2 Nc5 {[%emt 0:15:18] [#]} 23. Rxd8 $1 (23. Bxe5 $6 Rxd2 24. Qxd2 Qxf3 $11) 23... Rxd8 24. Bxe5 Re8 25. f4 {[%emt 0:00:32] f5 is the strong threat.} Nfd7 26. Qd2 ({White should play} 26. h5 {aiming for hxg6.} g5 27. b4 Nxe5 28. fxe5) 26... Qe6 {[%emt 0:05:13][%mdl 8192] [#] This costs Black the game.} (26... Nxe5 $16 {is tougher.} 27. fxe5 Qf3) 27. b4 $1 $18 Qxa2 {[%emt 0:01:17] White must now prevent ...Qa1+.} 28. bxc5 Nxc5 29. Kd1 f6 30. Bxg6 (30. Bxf6 Qa1+ 31. Qc1 Rxe1+ 32. Kxe1 Qxc1+ 33. Bd1 Ne4 (33... Qxf4 $2 34. Bd4 $19) (33... Nd3+ $2 34. Ke2 $19) 34. Ke2 Qd2+ (34... Nxf6 $2 35. Bb3+ Kg7 36. Kd3 $19) 35. Kf3 Qd3+ (35... Qxd1+ $2 36. Kxe4 Qe2+ 37. Kd4 $19) 36. Kg2 Qxd1 (36... Nxf6 $2 37. Bf3 $19) 37. h5 Qg4+ (37... Nxf6 38. hxg6 Qg4+ 39. Kf1 Ne4 40. c4 Qf3 41. Kg1 Qxf2+ 42. Kh1 Ng3#) 38. Kf1 Nxf6 39. hxg6 Ne4 (39... Qxg6 40. Ke2 Qe4+ 41. Kd1 Qd3+ 42. Kc1 Ne4 43. Kb2 Qxc3+ 44. Ka2 Qc2+ 45. Ka3 Nc5 46. f3 Qb3#) 40. c4 Qf3 (40... Qxf4 41. Ke2 Qxf2+ 42. Kd3 Nc5+ 43. Kc3 Kg7 44. Kb4 Qb2#) 41. Ke1 Qxf2+ 42. Kd1 Qd2#) 30... Qa4+ 31. Ke2 Rxe5+ 32. fxe5 {[%emt 0:21:13] White threatens Qd8+ and mate.} Qg4+ 33. f3 {[%emt 0:00:00] Qd8+ would kill now.} Qxg6 34. Qd8+ {[%emt 0:00:00] White mates.} Kh7 35. Qe7+ Kg8 36. Rd1 {[%emt 0:00:00] Weighted Error Value: White=0.08 (flawless) /Black=0.63.  Loses game:     	---       	Black=1      Mistake:       	White=1     	Black=2      Inaccurate:     	White=4     	Black=5      OK:         	White=8     	Black=4      Best:        	White=4     	---        Strong:       	White=2     	---} (36. Qxf6 Qd3+ 37. Kf2 Qd2+ 38. Kf1 Nd3 39. Qd8+ Kg7 40. Qd7+ Kf8 41. Qd8+ Kg7 42. Qc7+ Kg8 43. Qb8+ Kg7 44. Qb7+ (44. Qxa7+ Kg8 $11) 44... Kh8 45. Qa8+ Kg7 46. Qxa7+ Kf8 47. Qb8+ Kg7 48. Qc7+ Kg8 49. Qd8+ Kg7 50. Qd7+ Kh8 51. Qe8+ Kh7 52. Qf7+ Kh8 53. Qf8+ Kh7 54. Qf7+ Kh8 55. Qf8+ Kh7 56. Qf5+ Kh8 57. Qf8+ $11) (36. exf6 $142 Ne4 37. fxe4 (37. Qxe4 Qxe4+ 38. fxe4 Kf8 39. e5 Kf7 40. Rf1 h5 41. e6+ Kxe6) (37. f7+ Qxf7 38. Qxf7+ Kxf7 $18) 37... Kh8 38. f7 (38. Qxa7 Qg4+ 39. Kd3 Qf3+ 40. Kc4 b5+ 41. Kb4 Qxf6 42. Rg1 Qf8+ 43. Qc5 Qf7) (38. Qd8+ Qg8 39. Rd1 Qxd8 40. Rxd8+ Kh7 41. h5 a5 42. f7 a4 43. f8=Q b5 44. Qh8#) 38... Qg4+ 39. Kd2 Qf4+ 40. Kc2 Qf2+ 41. Kb3) 1-0

[Event "Elegant Academy GM Aspirant-II"]
[Site "Dhaka"]
[Date "2024.02.22"]
[Round "3.3"]
[White "Sriram, Jha"]
[Black "Rahman, Ziaur"]
[Result "0-1"]
[ECO "D31"]
[WhiteElo "2317"]
[BlackElo "2428"]
[Annotator "TA"]
[PlyCount "98"]
[EventDate "2024.02.21"]
[EventType "tourn"]
[EventCountry "BAN"]
[SourceTitle "playchess.com"]
[Source "ChessBase"]
[SourceQuality "1"]
[TimeControl "5400+30"]

1. d4 d5 2. c4 e6 3. Nc3 c6 4. e4 dxe4 5. Nxe4 Bb4+ 6. Nc3 e5 7. Be3 exd4 8. Qxd4 Qxd4 {[%emt 0:00:59] The position is equal.} 9. Bxd4 Nf6 10. O-O-O Be6 11. Bxf6 gxf6 12. Ne4 Ke7 13. Nf3 Nd7 14. Nd4 Rhd8 15. Be2 Ba5 16. f4 Bb6 $1 17. Nxe6 fxe6 18. Kc2 f5 19. Nc3 Nf6 20. Bf3 h5 21. Ne2 a5 22. Rxd8 Rxd8 23. Rd1 Rg8 24. Rd3 h4 25. Rb3 Nd7 26. c5 Bxc5 27. Rxb7 Kd6 28. Kc3 e5 29. fxe5+ Nxe5 30. Rh7 Nxf3 31. gxf3 $17 {[%emt 0:00:02][%mdl 4096] Endgame. KRB-KRN} Rg2 32. Rh6+ Kc7 $1 {[%emt 0:00:28] Black is more active.} 33. Kd3 Rxh2 34. Rh5 h3 35. Rxf5 Bd6 36. Rf7+ Kb6 {[%emt 0:01:29] And now ...Rh1 would win.} 37. Rh7 Rh1 $1 {[%emt 0:00:39] ...h2 is the strong threat.} 38. f4 h2 39. Kc2 {[%emt 0:00:38] Repels Rd1} a4 40. Rh6 (40. a3 $17 {is the only way for White.}) 40... Bc5 (40... a3 $1 $19 {Hoping for ...Bf8.} 41. bxa3 (41. Rxd6 $2 {too greedy.} axb2 42. Kxb2 Rg1 $19) 41... Bxf4 (41... Bxa3 42. Rh3 $17) 42. Nxf4 Ra1) 41. a3 (41. Rh3 $17) 41... Kc7 $19 42. Rh7+ {[%emt 0:00:29] [#]} Kb6 $2 (42... Kd8 $1 $19 {White must now prevent ...Ke8.} 43. Rh3 Kd7 44. Rh7+ Ke6) 43. Nc3 $2 (43. Rh6 $1 $11 {and White is okay.}) 43... Be3 44. Ne2 Bf2 (44... c5 $19 {Threatens to win with ...Bd4.} 45. f5 Bg5) 45. Nc3 {[%emt 0:00:20] [#]} (45. Kd2 $17) 45... Be3 $2 (45... Bd4 $1 $19 {[%cal Rd4c3] Strongly threatening ...Bxc3.} 46. Nxa4+ Ka5) 46. Nxa4+ (46. Ne2 $11) 46... Ka6 {[%emt 0:02:03] Black is clearly winning.} 47. Kb3 Bxf4 48. Nc5+ Kb5 49. Nd3 Bd6 {[%emt 0:00:47] Weighted Error Value: White=0.32/Black=0.22 (precise) .  Loses game:     	White=2     	---        Missed win:     	---       	Black=2      Mistake:       	White=3     	Black=2      Inaccurate:     	White=3     	---        OK:         	White=16    	Black=17     Best:        	White=1     	Black=4      Strong:       	---       	Black=3} 0-1

[Event "Elegant Academy GM Aspirant-II"]
[Site "Dhaka"]
[Date "2024.02.23"]
[Round "3.4"]
[White "Panesar Vedant"]
[Black "Mohammad Fahad, Rahman"]
[Result "1/2-1/2"]
[ECO "B45"]
[WhiteElo "2452"]
[BlackElo "2418"]
[Annotator "TA"]
[PlyCount "45"]
[EventDate "2024.02.21"]
[EventType "tourn"]
[EventCountry "BAN"]
[SourceTitle "playchess.com"]
[Source "ChessBase"]
[SourceQuality "1"]
[TimeControl "5400+30"]

1. e4 c5 2. Nf3 Nc6 3. d4 cxd4 4. Nxd4 Nf6 5. Nc3 e6 6. Nxc6 bxc6 7. e5 Nd5 8. Ne4 Qa5+ 9. Bd2 Qb6 10. c4 Qxb2 $1 11. cxd5 Qxe5 12. Bd3 {[%emt 0:00:59] [#] dxc6 is the strong threat.} cxd5 13. f4 $132 {[%emt 0:01:54][%mdl 2048] White is fighting back} Qd4 14. Nf2 {[%emt 0:00:15] 0-0 would now be deadly.} Bc5 {[%emt 0:00:00][%mdl 1024] Black has compensation.} 15. Rf1 ({Don't go for} 15. O-O $2 Qxd3 16. Rc1 Bb6 $19) 15... O-O {[%emt 0:00:00] White must now prevent ...e5.} 16. Rc1 d6 $1 17. Be2 Bd7 {[%emt 0:00:00] [#] Hoping for ...Ba4.} 18. Qb3 Rab8 19. Qc3 Qa4 20. Qa5 Qd4 21. Qc3 {[%emt 0:00:01] The position is equal.} Qa4 22. Qa5 Qd4 23. Qc3 {[%emt 0:00:19] Weighted Error Value: White=0.07 (flawless) /Black=0.09 (flawless) .  Inaccurate:     	---       	Black=2      OK:         	White=6     	Black=6      Best:        	White=2     	Black=1      Strong:       	---       	Black=2} 1/2-1/2